 Dungeon Crawl Stone Soup version 0.20-a0-204-ge9bc5e3 (webtiles) character file.

29 terminator the Grave Robber (level 3, 0/24 HPs)
             Began as a Demonspawn Necromancer on Nov 24, 2016.
             Slain by a shadow imp (4 damage)
             ... summoned by Natasha
             ... on level 2 of the Dungeon.
             The game lasted 00:09:02 (2784 turns).

terminator the Grave Robber (DsNe)                  Turns: 2784, Time: 00:09:04

Health: 0/24       AC:  3    Str:  8    XL:     3   Next: 1%
Magic:  0/6        EV: 12    Int: 17    God:
Gold:   28         SH:  0    Dex: 13    Spells: 1/6 levels left

rFire  . . .     SeeInvis .     (no weapon)
rCold  . . .     Gourm    .     a - +0 robe
rNeg   . . .     Faith    .     (no shield)
rPois  .         Spirit   .     (no helmet)
rElec  .         Reflect  .     e - +0 cloak
rCorr  .         Harm     .     (no gloves)
MR     .....                    (no boots)
Stlth  ++........               (no amulet)
                                (no ring)
                                (no ring)

@: slowed, very slow
A: claws 1
a: no special abilities


You were on level 2 of the Dungeon.
You were hungry.

You visited 1 branch of the dungeon, and saw 2 of its levels.

You collected 28 gold pieces.

Inventory:

Armour
 a - a +0 robe (worn)
 e - a +0 cloak (worn)
Jewellery
 h - an uncursed amulet of guardian spirit {unknown}
Scrolls
 f - a scroll of recharging {unknown}
Potions
 d - a potion of invisibility {unknown}
Books
 b - a book of Necromancy

   Spells                             Type                      Level
   a - Pain                           Necromancy                   1
   b - Animate Skeleton               Necromancy                   1
   c - Vampiric Draining              Necromancy                   3
   d - Regeneration                   Charms/Necromancy            3
   e - Animate Dead                   Necromancy                   4
   f - Control Undead                 Necromancy                   4


   Skills:
 + Level 0.2 Fighting
 + Level 2.1 Dodging
 + Level 1.9 Stealth
 + Level 0.3 Unarmed Combat
 + Level 2.2 Spellcasting
 + Level 4.9 Necromancy


You had one spell level left.
You knew the following spells:

 Your Spells              Type           Power        Failure   Level  Hunger
a - Pain                  Necr           ###.         2%          1    #......
b - Animate Skeleton      Necr           N/A          2%          1    #......
c - Vampiric Draining     Necr           ###.......   10%         3    ###....


Dungeon Overview and Level Annotations

Branches:
Dungeon (2/15)

Altars:

Annotations:
D:2 Natasha


Innate Abilities, Weirdness & Mutations

You have sharp fingernails.


Message History

You don't have enough magic to cast that spell.
Natasha completely misses you.
Found 2 fruits.
Natasha claws you. The shadow imp gestures at you.
Pain shoots through your body!
* * * LOW HITPOINT WARNING * * *
Natasha barely misses you.
You aren't carrying any food.
As you read the scroll labeled UFYMAL DOHA, it crumbles to dust.
It is a scroll of amnesia.
Forget which spell ([?*] list [ESC] exit)?
Forget which spell ([?*] list [ESC] exit)?
You don't know that spell.
Forget which spell ([?*] list [ESC] exit)?
You don't know that spell.
Forget which spell ([?*] list [ESC] exit)?
Okay, then.
The shadow imp hits you.
You die...

##.........# .#
##........###.# #.≈≈≈≈
##.........#.# #...≈≈≈
#.......#.#.##....%≈≈
..............#......)
...##..................
.......................
.####........#....!..
####.....@.....##
#.....h5.....#
#.............
##.........###.
#...........#
#.#.........##
...##...#.....# .##
#.<...#.....#
....##...#....#


You could see Natasha and a shadow imp.

Vanquished Creatures
  An ooze (D:1)
  A leopard gecko (D:1)
  2 bats (D:1)
  5 goblins (D:1)
  3 hobgoblins (D:1)
  2 jackals (D:1)
  3 kobolds (D:1)
  A ball python (D:1)
  2 frilled lizards (D:1)
  2 rats
22 creatures vanquished.

Notes
Turn   | Place    | Note
-------+----------+-------------------------------------------
     0 | D:1      | terminator the Demonspawn Necromancer began the quest for the Orb.
     0 | D:1      | Reached XP level 1. HP: 13/13 MP: 3/3
   772 | D:1      | Gained mutation: You have sharp fingernails. [demonic ancestry]
   772 | D:1      | Reached XP level 2. HP: 18/19 MP: 1/5
  2662 | D:1      | Reached XP level 3. HP: 24/24 MP: 6/6
  2719 | D:1      | Learned a level 1 spell: Animate Skeleton
  2724 | D:1      | Learned a level 3 spell: Vampiric Draining
  2764 | D:2      | Noticed Natasha
  2784 | D:2      | Slain by a shadow imp

Vault maps used:
D:1:      lemuel_arrival_broad_hall
D:2:      okawaru_altar_gauntlet_db, interstate_on_off,
          guppyfry_early_lair_pool, uniq_terence, uniq_natasha

Skill      XL: |  1  2 |
---------------+-------+-----
Dodging        | 2 |  2.1
Fighting       | |  0.2
Stealth        | |  1.9
Unarmed Combat | |  0.3
Spellcasting   | |  2.2
Necromancy     | |  4.9

Action                   || total
-------------------------++-------
Melee: Unarmed           ||   106
 Cast: Pain              ||     8
       Vampiric Draining ||     2
  Use: Scroll            ||     1
  Eat: Bread ration      ||     1
       Chunk             ||     1
Armor: Robe              ||    52
Dodge: Dodged            ||   126
